 Dungeon Crawl Stone Soup version 0.29.0-11-gd7f09526c8 (webtiles) character file.

Game seed: 10128038930400780927

1413 xian the Chopper (level 8, -12/61 HPs)
             Began as a Demonspawn Fighter on Sept 6, 2022.
             Was an Initiate of Makhleb.
             Mangled by an ogre
             ... wielding a +0 giant spiked club
              (23 damage)
             ... on level 6 of the Dungeon on Sept 7, 2022.
             The game lasted 00:12:27 (5830 turns).

xian the Chopper (Demonspawn Fighter)               Turns: 5830, Time: 00:12:28

Health: -12/61     AC:  6    Str: 25    XL:     8   Next: 43%
Magic:  12/12      EV: 11    Int: 17    God:    Makhleb [......]
Gold:   189        SH:  5    Dex: 13    Spells: 12/12 levels left

rFire   + . .      SeeInvis .   a - +0 war axe
rCold   . . .      Faith    .   c - +0 buckler
rNeg    . . .      Spirit   .   A - +1 leather armour {rF+}
rPois   .          Reflect  .   (no helmet)
rElec   .          Harm     .   i - +0 cloak
rCorr   .          Rampage  .   (no gloves)
Will    .....                   y - +0 pair of boots
Stlth   +.........              (no amulet)
HPRegen 0.20/turn               r - +6 ring of strength
MPRegen 0.13/turn               p - +6 ring of intelligence

@: no status effects
A: claws 2, big brain 1, demonic magic 1
a: Renounce Religion


You were on level 6 of the Dungeon.
You worshipped Makhleb.
Makhleb was noncommittal.
You visited 2 branches of the dungeon, and saw 7 of its levels.

You collected 215 gold pieces.
You spent 26 gold pieces at shops.

Inventory:

Hand Weapons
 a - a +0 war axe (weapon)
 n - a +0 spear
Missiles
 o - 7 poisoned darts (quivered)
Armour
 c - a +0 buckler (worn)
 i - a +0 cloak (worn)
 l - a +0 chain mail of fire resistance
 y - a +0 pair of boots (worn)
 A - a +1 leather armour of fire resistance (worn)
Jewellery
 f - a ring of ice
 g - a ring of ice
 p - a +6 ring of intelligence (right claw)
 r - a +6 ring of strength (left claw)
 s - a ring of flight
 x - a ring of poison resistance
Wands
 h - a wand of polymorph (1)
Scrolls
 b - 2 scrolls of fog {unknown}
 d - a scroll of vulnerability
 e - a scroll of amnesia {unknown}
 w - a scroll of enchant weapon {unknown}
 C - a scroll of noise {unknown}
Potions
 j - 2 potions of flight
 q - a potion of brilliance {unknown}
 t - a potion of heal wounds
 v - a potion of cancellation {unknown}
 z - 2 potions of attraction {unknown}
 B - a potion of lignification {unknown}


   Skills:
 + Level 4.9 Fighting
 + Level 5.8 Axes
 * Level 3.4 Throwing
 + Level 4.3 Armour
 + Level 1.9 Dodging
 + Level 0.6 Stealth
 + Level 3.5 Shields
 * Level 2.6 Spellcasting


You had 12 spell levels left.
You didn't know any spells.
Your spell library contained the following spells:

 Spells                   Type           Power      Damage    Failure   Level
 Necrotise                Necr           8%         1d4       26%         1
 Blink                    Tloc           4%         N/A       38%         2
 Vampiric Draining        Necr           2%         2d6       63%         3
 Leda's Liquefaction      Hex/Erth       1%         N/A       95%         4
 Agony                    Necr           2%         N/A       100%        5
 Lee's Rapid Deconstruct  Erth           1%         3d5*      100%        5
 Manifold Assault         Tloc           2%         N/A       100%        5
 Statue Form              Tmut/Erth      1%         N/A       100%        6
 Storm Form               Tmut/Air       1%         N/A       100%        7


Dungeon Overview and Level Annotations

Branches:
Dungeon (6/15)             Temple (1/1) D:4

Altars:
Ashenzari
Fedhas
Gozag
Hepliaklqana
Kikubaaqudgha
Makhleb
Nemelex Xobeh
Qazlal
Ru
Sif Muna
Uskayaw
Vehumet
Wu Jian
Xom
Yredelemnul

Shops:
D:5 *


Innate Abilities, Weirdness & Mutations

You have very sharp fingernails.
You have an unusually large brain. (Int +2)
Spells you cast may paralyse adjacent enemies.


Message History

You hit the orc priest.
The orc priest is almost dead.
The orc priest hits you but does no damage.
The orc priest mumbles some strange prayers to Beogh against you.
You struggle to resist.
You slash the orc priest!
You kill the orc priest!
Makhleb accepts your kill.
You see here a +0 short sword.
Things that are here:
a +0 dagger; a +0 robe You see here a +0 short sword.
Items here: )) [ †.
Okay, then.
An ogre comes into view. It is wielding a +0 giant spiked club.
An ogre is nearby!
An ogre is nearby!
You throw a poisoned dart. The poisoned dart hits the ogre!
The ogre is poisoned.
You throw a poisoned dart.
The poisoned dart barely misses the ogre.
You throw a poisoned dart.
The poisoned dart completely misses the ogre.
You throw a poisoned dart. The poisoned dart hits the ogre.
The ogre looks even sicker.
You throw a poisoned dart. The poisoned dart hits the ogre.
The ogre looks as sick as possible!
The ogre is lightly wounded.
You throw a poisoned dart. The poisoned dart hits the ogre.
The ogre looks as sick as possible!
The ogre is lightly wounded.
You hit the ogre but do no damage.
The ogre is moderately wounded.
The ogre hits you with a +0 giant spiked club!!
Ouch! That really hurt!
* * * LOW HITPOINT WARNING * * *
You hit the ogre but do no damage.
The ogre is moderately wounded.
The ogre hits you with a +0 giant spiked club!!
You die...

.#..#.# .# (.
...... ..#
.(###..#.#####..##
..................
#.(..............
..(..... .......
#(.#.##.......
#.O...)..####
##.@.)).....#
#.....#.##.#
#.#.#.#.# #.#...#
# .......
..$....#.
#.....#.#..
#....##.# ##


You could see an ogre (extremely poisoned).

Vanquished Creatures
  Pikel (D:5)
  Eustachio (D:4)
  Menkaure (D:5)
  Duvessa (D:5)
  A black bear (D:4)
  A scorpion (D:5)
  A necrophage (D:5)
  Dowan (D:5)
  A jelly (D:5)
  2 hounds (D:5)
  2 orc priests
  An orc wizard (D:6)
  4 gnolls (D:2)
  6 adders
  3 worms
  2 dart slugs (D:1)
  5 orcs
  7 endoplasms
  3 giant cockroaches
  5 goblins
  3 hobgoblins
  3 quokkas
  7 ball pythons
  7 bats
  A frilled lizard (D:2)
  5 kobolds
  2 rats
77 creatures vanquished.

Notes
Turn   | Place    | Note
-------+----------+-------------------------------------------
     0 | D:1      | xian the Demonspawn Fighter began the quest for the Orb.
     0 | D:1      | Reached XP level 1. HP: 18/18 MP: 1/1
    83 | D:1      | Reached skill level 2 in Axes
   350 | D:1      | Gained mutation: You have sharp fingernails. [demonic
                  | ancestry]
   350 | D:1      | Reached XP level 2. HP: 16/24 MP: 2/2
   618 | D:1      | Found a faded altar of an unknown god.
   988 | D:2      | Gained mutation: You have very sharp fingernails. [demonic
                  | ancestry]
   988 | D:2      | Reached XP level 3. HP: 10/29 MP: 3/3
  1304 | D:2      | Reached skill level 3 in Axes
  1304 | D:2      | Reached XP level 4. HP: 5/35 MP: 4/4
  2496 | D:3      | Found the dreamshard necklace {*Dream Drain}
  3088 | D:4      | Noticed a black bear
  3090 | D:4      | Found a staircase to the Ecumenical Temple.
  3101 | D:4      | Killed a black bear
  3102 | D:4      | Gained mutation: Spells you cast may paralyse adjacent
                  | enemies. [demonic ancestry]
  3102 | D:4      | Reached XP level 5. HP: 7/41 MP: 5/5
  3113 | Temple   | Entered the Ecumenical Temple
  3436 | Temple   | Became a worshipper of Makhleb the Destroyer
  3493 | D:4      | Reached skill level 1 in Throwing
  3766 | D:4      | Noticed Eustachio
  3794 | D:4      | Killed Eustachio
  3795 | D:4      | Reached skill level 4 in Axes
  3795 | D:4      | Gained mutation: You have an unusually large brain. (Int
                  | +2) [demonic ancestry]
  3795 | D:4      | Reached XP level 6. HP: 7/48 MP: 6/6
  4518 | D:5      | Entered Level 5 of the Dungeon
  4547 | D:5      | Noticed Menkaure
  4555 | D:5      | HP: 1/48 [Menkaure (10)]
  4557 | D:5      | Killed Menkaure
  4863 | D:5      | Reached XP level 7. HP: 46/54 MP: 6/8
  4995 | D:5      | Reached skill level 1 in Spellcasting
  5082 | D:5      | Noticed Dowan
  5083 | D:5      | Noticed Duvessa
  5102 | D:5      | Killed Duvessa
  5119 | D:5      | Killed Dowan
  5325 | D:5      | Found Wuklivuv's General Store.
  5333 | D:5      | Bought a scroll of identify for 26 gold pieces
  5526 | D:5      | Reached skill level 1 in Dodging
  5592 | D:5      | Reached skill level 5 in Axes
  5730 | D:5      | Noticed Pikel
  5747 | D:5      | HP: 2/55 [Pikel/+0 whip of flaming (1)]
  5755 | D:5      | Killed Pikel
  5756 | D:5      | Reached XP level 8. HP: 32/61 MP: 9/12
  5830 | D:6      | Mangled by an ogre

Illustrated notes

Levels and vault maps discovered:
D:1:      shiori_arrival_oz, layout_loops_ring,
          shapermc_ecumenical_altar_notcrosses, minmay_misc_feat_four_crosses
D:2:      layout_basic
D:3:      layout_rooms, minmay_checkerbox
D:4:      layout_loops_ring, minmay_temple_entry_antechambers, serial_rivers,
          chequers_serial_rivers_micro_c, chequers_serial_rivers_small_3,
          chequers_serial_rivers_room_a, chequers_serial_rivers_marsh,
          chequers_serial_rivers_micro_d, chequers_serial_rivers_marsh,
          uniq_eustachio, uniq_crazy_yiuf_cottage
D:5:      layout_basic, serial_shops, shop, uniq_pikel, uniq_duvessa,
          uniq_menkaure
D:6:      layout_basic, mainiacjoe_overflow_24_doors
Temple:   minmay_temple_bridge_d

Skill      XL: |  1  2  3  4  5  6  7 |
---------------+----------------------+-----
Axes           | 2 3 4 5 |  5.8
Shields        | 3 |  3.5
Armour         | 3 4 |  4.3
Throwing       | 1 2 3 |  3.4
Fighting       | 4 |  4.9
Spellcasting   | 2 |  2.6
Dodging        | 1 |  1.9
Stealth        | |  0.6

Action                   |  1- 3 |  4- 6 |  7- 9 || total
-------------------------+-------+-------+-------++-------
Melee: War axe           |    70 |   133 |    92 ||   295
Throw: Dart              |       |     5 |    16 ||    21
  Use: Scroll            |     2 |     1 |     1 ||     4
       Potion            |       |     3 |     5 ||     8
Armor: Scale mail        |    42 |       |       ||    42
       Chain mail        |    11 |   107 |       ||   118
       Leather armour    |       |     3 |    22 ||    25
       Skin              |       |       |    11 ||    11
Dodge: Dodged            |    35 |    72 |    38 ||   145
Block: Buckler           |    18 |    42 |    18 ||    78
